 Dungeon Crawl Stone Soup version 0.22.1-1-ga44c0e5 (webtiles) character file.

79 MalarOregon the Ducker (level 4, -14/36 HPs)
             Began as a Minotaur Earth Elementalist on Sept 24, 2018.
             Was an Initiate of Cheibriados.
             Demolished by Sigmund
             ... wielding a +0 scythe
              (16 damage)
             ... on level 2 of the Dungeon.
             The game lasted 00:04:23 (1622 turns).

MalarOregon the Ducker (MiEE)                       Turns: 1622, Time: 00:04:24

Health: -14/36     AC:  3    Str: 13    XL:     4   Next: 16%
Magic:  0/5        EV: 13    Int: 14    God:    Cheibriados [......]
Gold:   105        SH:  0    Dex: 12    Spells: 3/6 levels left

rFire    x . .     SeeInvis .   i - +2 whip
rCold    + . .     Gourm    .   (no shield)
rNeg     . . .     Faith    .   c - +0 robe
rPois    +         Spirit   .   (helmet restricted)
rElec    .         Reflect  .   (no cloak)
rCorr    .         Harm     .   k - +0 pair of gloves
MR       .....                  (no boots)
Stlth    ++........             m - amulet of inaccuracy (curse)
HPRegen  0.12/turn              h - ring of poison resistance
MPRegen  0.09/turn              o - ring of ice

@: very slow
A: retaliatory headbutt, horns 2
a: Bend Time, Renounce Religion


You were on level 2 of the Dungeon.
You worshipped Cheibriados.
Cheibriados was noncommittal.
You were not hungry.

You visited 1 branch of the dungeon, and saw 2 of its levels.

You collected 105 gold pieces.

Inventory:

Hand Weapons
 i - a +2 whip (weapon)
   (You took it off a kobold on level 1 of the Dungeon)
Missiles
 b - 187 stones (quivered)
Armour
 c - a +0 robe (worn)
 k - a +0 pair of gloves (worn)
   (You found it on level 1 of the Dungeon)
Jewellery
 h - a ring of poison resistance (left hand)
   (You found it on level 2 of the Dungeon)
 m - a cursed amulet of inaccuracy (around neck)
   (You found it on level 1 of the Dungeon)
 o - a ring of ice (right hand)
   (You found it on level 2 of the Dungeon)
Scrolls
 f - a scroll of identify {@r1}
 p - a scroll of teleportation {@r4}
Potions
 a - a potion of cancellation {unknown}
 d - a potion of magic {unknown}
 g - a potion of brilliance {unknown}
 j - a potion of agility
 l - a potion of flight {unknown}
 n - a potion of ambrosia {unknown}
Comestibles
 e - 3 rations {!d}
 q - a chunk of flesh


   Skills:
 * Level 2.1 Fighting
 * Level 2.0 Maces & Flails
 * Level 3.1 Dodging
 - Level 1.5 Stealth
 + Level 1.6 Spellcasting
 + Level 1.0 Transmutations
 + Level 2.6 Earth Magic


You had 3 spell levels left.
You knew the following spells:

 Your Spells              Type           Power        Failure   Level  Hunger
a - Sandblast             Erth           #.....       9%          1    ##.....
q - Passwall              Tmut/Erth      #.......     19%         2    ###....

Your spell library contained the following spells:

 Spells                   Type           Power        Failure   Level  Hunger
 Stone Arrow              Conj/Erth      #.....       41%         3    ####...
 Petrify                  Tmut/Erth      #.......     75%         4    #####..
 Lee's Rapid Deconstruct  Erth           #.........   93%         5    ######.


Dungeon Overview and Level Annotations

Branches:
Dungeon (2/15)

Altars:
Cheibriados

Annotations:
D:2 Sigmund


Innate Abilities, Weirdness & Mutations

You reflexively headbutt those who attack you in melee.
You have a pair of horns on your head.


Message History

Found 28 stones.
You see here a frilled lizard corpse.
You butcher the frilled lizard corpse.
q - 2 chunks of flesh (gained 1)
Found a whip.
b - 192 stones (gained 28)
Found a small marble ring.
o - a small marble ring Eating one of 2 chunks of flesh.
You eat one of the 2 chunks of flesh.
Sigmund the Dreaded comes into view.
He is wielding a scythe.
Put on which piece of jewellery? (? for menu, Esc to quit)
You feel more attuned to ice.
o - a ring of ice (right hand)
You can't see any susceptible monsters within range! (Use Z to cast anyway.) Sigmund points at you and mumbles some strange words.
The puff of flame hits you! The fire burns you terribly!
You can't see any susceptible monsters within range! (Use Z to cast anyway.) Sigmund gestures at you while chanting.
You resist with some effort.
You can't see any susceptible monsters within range! (Use Z to cast anyway.)
Aim: Sigmund, wielding a scythe and wearing a robe The blast of sand hits Sigmund.
b - 191 stones
Aim: Sigmund, wielding a scythe and wearing a robe (lightly wounded)
The blast of sand hits Sigmund.
b - 190 stones Sigmund gestures at you while chanting.
The puff of flame misses you.
Aim: Sigmund, wielding a scythe and wearing a robe (moderately wounded)
The blast of sand hits Sigmund.
b - 189 stones Sigmund points at you and mumbles some strange words.
The magic dart hits you!
Aim: Sigmund, wielding a scythe and wearing a robe (heavily wounded)
The blast of sand hits Sigmund.
b - 188 stones Sigmund closely misses you.
Aim: Sigmund, wielding a scythe and wearing a robe (severely wounded)
The blast of sand hits Sigmund.
b - 187 stones You don't have enough magic to cast that spell.
Sigmund misses you.
You miss Sigmund. Sigmund hits you with a scythe!
* * * LOW HITPOINT WARNING * * *
You barely miss Sigmund.
Sigmund points at you and mumbles some strange words.
The puff of flame hits you! The fire burns you terribly!
* * * LOW HITPOINT WARNING * * *
You barely miss Sigmund. Sigmund hits you with a scythe!
You die...

#......#.## ......###.#.
#.......
...........####.####
#......#.#..........
................... #
.....#..###...##.. #.
#....#....#...[...
####..#.#.##.#.##...#.#.
......@@.......##.......
##.#.##.#.##...##.....#.
...#.##...##.......
#.#..#...............
#...........##.....#.
##...####...##.......
#...# #..#.........
#....###..#.#.......
#.........#.#.......


You could see Sigmund.

Vanquished Creatures
  2 adders (D:2)
  An ooze (D:2)
  2 dart slugs
  4 giant cockroaches (D:1)
  2 goblins
  9 hobgoblins
  7 jackals (D:1)
  9 kobolds
  A quokka (D:2)
  2 ball pythons
  4 bats
  A frilled lizard (D:2)
  4 rats (D:1)
48 creatures vanquished.

Notes
Turn   | Place    | Note
-------+----------+-------------------------------------------
     0 | D:1      | MalarOregon the Minotaur Earth Elementalist began the quest
                  | for the Orb.
     0 | D:1      | Reached XP level 1. HP: 14/14 MP: 1/1
   259 | D:1      | Reached XP level 2. HP: 22/22 MP: 3/3
   259 | D:1      | Reached skill level 1 in Fighting
   274 | D:1      | Reached skill level 1 in Maces & Flails
   506 | D:1      | Reached XP level 3. HP: 14/28 MP: 4/4
  1016 | D:2      | Reached skill level 3 in Dodging
  1153 | D:2      | Learned a level 2 spell: Passwall
  1178 | D:2      | Found a snail-covered altar of Cheibriados.
  1358 | D:2      | Became a worshipper of Cheibriados the Contemplative
  1383 | D:2      | Reached XP level 4. HP: 36/36 MP: 5/5
  1582 | D:2      | Reached skill level 1 in Transmutations
  1609 | D:2      | Noticed Sigmund
  1622 | D:2      | Demolished by Sigmund

Skill      XL: |  1  2  3  4 |
---------------+-------------+-----
Fighting       | 1 2 |  2.1
Maces & Flails | 1 2 |  2.0
Dodging        | 3 |  3.1
Transmutations | 1 |  1.0
Stealth        | |  1.5
Spellcasting   | |  1.6
Earth Magic    | |  2.6

Action                   |  1- 3 |  4- 6 || total
-------------------------+-------+-------++-------
Melee: Unarmed           |     7 |       ||     7
       Club              |    24 |       ||    24
       Headbutt          |    13 |       ||    13
       Whip              |   100 |    14 ||   114
 Cast: Sandblast         |     1 |     5 ||     6
  Use: Scroll            |     3 |     2 ||     5
 Stab: Sleeping          |     2 |       ||     2
       Distracted        |     1 |       ||     1
  Eat: Chunk             |     1 |     2 ||     3
Armor: Robe              |    31 |       ||    31
Dodge: Dodged            |   109 |    14 ||   123
